Map: Acropolis LE

Players

DnS - Winner!

  • Race: Protoss Protoss
  • Spawn Location: 5:00

BackupJ

  • Race: Protoss Protoss
  • Spawn Location: 11:00

VOD

Have the link to the VOD?

Description

Time

  • Played on: Sept. 6, 2019, 1:05 p.m.
  • Length: 8:43
Show
View Real Time Build Order
Export as new Build Order

DnS Protoss - Winner!

Build Orders: Zealot Archon 

Get SALT Encoding   

  12  0:00  Probe  
  13  0:12  Probe  
  14  0:17  Pylon  
  14  0:24  Probe  
  15  0:32  Probe  
  15  0:36  Gateway  
  15  0:40  Probe  
  16  0:46  Assimilator  
  17  0:51  Probe  
  17  0:54  Assimilator  
  18  1:00  Probe  
  19  1:07  Gateway  
  19  1:08  Probe  
  19  1:17  Probe  
  20  1:23  Cybernetics Core  
  21  1:29  Probe  
  22  1:35  Pylon  
  22  1:41  Probe  
  23  1:53  Probe  
  24  1:59  Sentry, Stalker  
  28  2:01  Warp Gate  
  28  2:12  Pylon  
  28  2:26  Sentry  
  30  2:30  Stalker  
  32  2:39  Nexus  
  32  2:43  Probe  
  32  2:52  Sentry  
  32  2:55  Probe  
  35  3:01  Stalker  
  37  3:06  Probe  
  37  3:08  Pylon  
  38  3:14  Probe  
  39  3:20  Forge  
  39  3:22  Probe  
  40  3:30  Probe  
  40  3:39  Probe  
  41  3:42  Protoss Ground Weapons Level 1  
  41  3:47  Probe  
  42  3:50  Probe, Stalker x2  
  48  3:58  Probe  
  48  4:00  Probe  
  50  4:06  Probe  
  50  4:12  Probe  
  50  4:15  Probe  
  52  4:17  Stalker  
  52  4:21  Stalker  
  52  4:23  Probe  
  52  4:24  Probe  
  58  4:25  Pylon  
  59  4:32  Probe, Assimilator  
  59  4:34  Assimilator  
  59  4:36  Probe  
  61  4:40  Robotics Facility  
  61  4:44  Probe  
  62  4:48  Pylon, Probe  
  63  4:56  Probe  
  64  5:00  Probe  
  64  5:04  Stalker  
  64  5:07  Twilight Council  
  67  5:18  Probe  
  67  5:19  Protoss Ground Weapons Level 2  
  67  5:27  Gateway  
  67  5:28  Observer, Gateway  
  68  5:29  Pylon  
  68  5:33  Gateway  
  68  5:34  Charge  
  68  5:36  Gateway x2  
  68  5:40  Gateway  
  68  5:43  Templar Archives  
  69  6:07  Immortal  
  71  6:16  Photon Cannon  
  71  6:17  Shield Battery  
  71  6:18  Shield Battery  
  71  6:19  Shield Battery  
  71  6:21  Shield Battery  
  71  6:27  High Templar x2  
  71  6:28  Zealot x2  
  79  6:34  Pylon, Archon  
  79  6:37  Zealot x2  
  83  6:42  High Templar  
  85  6:53  High Templar  
  87  6:54  Pylon  
  87  6:56  Warp Prism, Pylon  
  87  6:58  Archon  
  89  7:04  Zealot x2  
  93  7:09  Pylon  
  93  7:13  High Templar  
  93  7:14  Zealot x2, High Templar  
  101  7:18  Archon  
  101  7:19  Probe  
  102  7:37  Nexus  
  102  7:46  Zealot x5, High Templar x2  
  102  7:50  Pylon  
  102  7:51  Archon  
  116  7:58  Pylon  
  116  8:11  Zealot x3  
  116  8:12  Zealot  
  122  8:25  Zealot x4  
  104  8:35  Zealot x4  
Show
View Real Time Build Order
Export as new Build Order

BackupJ Protoss 

Build Orders: Phoenix Opening 

Get SALT Encoding   

  12  0:00  Probe  
  13  0:12  Probe  
  14  0:17  Pylon  
  14  0:22  Probe  
  15  0:31  Probe  
  16  0:38  Gateway  
  16  0:39  Probe  
  16  0:46  Assimilator  
  17  0:51  Probe  
  17  0:55  Assimilator  
  18  0:59  Probe  
  19  1:07  Probe  
  19  1:08  Gateway  
  19  1:17  Probe  
  21  1:27  Cybernetics Core  
  21  1:30  Probe  
  22  1:33  Pylon  
  22  1:42  Probe  
  23  1:54  Probe  
  24  1:56  Sentry  
  24  2:02  Stalker  
  24  2:03  Warp Gate  
  24  2:06  Probe  
  29  2:12  Pylon  
  29  2:18  Probe  
  30  2:29  Phoenix  
  30  2:32  Stargate  
  30  2:37  Probe  
  31  2:47  Nexus  
  31  2:54  Shield Battery  
  32  2:58  Probe  
  32  3:10  Probe  
  33  3:14  Phoenix  
  35  3:22  Probe  
  36  3:31  Phoenix  
  36  3:32  Robotics Facility  
  36  3:34  Pylon  
  36  3:38  Probe  
  39  3:53  Sentry, Stalker  
  43  3:56  Probe  
  43  3:57  Probe  
  45  4:04  Phoenix, Probe  
  45  4:09  Probe  
  47  4:14  Probe  
  50  4:21  Pylon  
  50  4:22  Probe  
  51  4:26  Probe  
  52  4:32  Immortal  
  52  4:34  Probe  
  57  4:38  Probe  
  58  4:46  Probe  
  58  4:48  Gateway  
  58  4:49  Gateway  
  58  4:51  Phoenix  
  61  4:54  Probe  
  61  4:58  Probe  
  63  5:00  Immortal  
  63  5:01  Assimilator  
  63  5:05  Pylon  
  67  5:14  Probe x2  
  69  5:23  Pylon  
  69  5:30  Warp Prism  
  69  5:35  Assimilator  
  69  5:38  Sentry  
  69  5:41  Pylon, Sentry  
  75  5:48  Adept x2  
  79  5:52  Gateway  
  79  5:53  Gateway  
  79  5:55  Pylon  
  79  6:11  Adept  
  79  6:12  Adept x3  
  87  6:21  Robotics Bay  
  87  6:22  Forge  
  87  6:23  Probe  
  88  6:29  Pylon  
  88  6:34  Adept x3  
  88  6:35  Adept  
  96  6:59  Twilight Council  
  96  7:02  Colossus  
  96  7:05  Nexus  
  96  7:07  Pylon  
  96  7:10  Robotics Facility  
  102  7:37  Shield Battery x2  
  100  7:49  Disruptor  
  98  7:52  Adept x3  
  98  7:54  Adept  
  98  7:56  Pylon, Adept  
  98  7:57  Adept  
  113  8:03  Probe x2  
  115  8:19  Adept x3  
  96  8:30  Adept x3  
  72  8:39  Adept x3  
Tags
 
Composition
Zealot Archon
Matchup
PvP
Player
DnS
Spawn Locations
Cross Positions
Add a new tag
Caveats
  • Supply blocks, unpowered buildings, or Contaminate may cause inaccurate times.
  • Supply counts are checked every 10 seconds.